 Dungeon Crawl Stone Soup version 0.29.1-15-g9cfb28693d (webtiles) character file.

Game seed: 7322678197455473357

116 hawla the Sneak (level 4, -6/18 HPs)
             Began as a Felid Conjurer on Apr 9, 2023.
             Mangled by an orc
             ... wielding a +2 dagger of electrocution
              (19 damage)
             ... on level 3 of the Dungeon on Apr 10, 2023.
             The game lasted 00:09:31 (3470 turns).

hawla the Sneak (Felid Conjurer)                    Turns: 3470, Time: 00:09:32

Health: -6/18      AC:  1    Str:  3    XL:     4   Next: 69%
Magic:  0/8        EV: 17    Int: 21    God:
Gold:   122        SH:  0    Dex: 14    Spells: 0/7 levels left
                                        Lives:  0   Deaths: 1

rFire   . . .      SeeInvis +     - Unarmed
rCold   . . .      Faith    .   (shield unavailable)
rNeg    . . .      Spirit   .   (body armour unavailable)
rPois   +          Reflect  .   (helmet unavailable)
rElec   .          Harm     .   (cloak unavailable)
rCorr   .          Rampage  .   (gloves unavailable)
Will    .....                   (boots unavailable)
Stlth   +++.......              (no amulet)
HPRegen 0.06/turn               g - ring of wizardry
MPRegen 0.11/turn               l - ring of poison resistance

@: quick
A: very small, claws 1, fangs 3, see invisible, speed 1, shaggy fur 1, stealthy
paws, no weapons or thrown items, no armour, multi-lived, wild magic 1
a: no special abilities


You were on level 3 of the Dungeon.
You visited 1 branch of the dungeon, and saw 5 of its levels.

You collected 122 gold pieces.

Inventory:

Jewellery
 g - a ring of wizardry (left paw)
 l - a ring of poison resistance (right paw)
Scrolls
 b - a scroll of teleportation
 e - a scroll of magic mapping
 h - a scroll of acquirement {unknown}
 i - a scroll of enchant armour
 j - a scroll of immolation {unknown}
 k - a scroll of vulnerability {unknown}
Potions
 a - 2 potions of heal wounds
 m - a potion of brilliance


   Skills:
 - Level 0.1 Fighting
 - Level 3.5 Dodging
 - Level 4.7 Stealth
 - Level 1.6 Unarmed Combat
 - Level 2.1 Spellcasting
 - Level 4.4 Conjurations
 + Level 2.2 Translocations


You couldn't memorise any spells.
You knew the following spells:

 Your Spells              Type           Power      Damage    Failure   Level
a - Magic Dart            Conj           100%       1d8       1%          1
b - Searing Ray           Conj           54%        2d6       2%          2
c - Iskenderun's Mystic   Conj/Tloc      21%        2d6       21%         4

Your spell library contained the following spells:

 Spells                   Type           Power      Damage    Failure   Level
 Dazzling Flash           Conj/Hex       30%        N/A       10%         3
 Mephitic Cloud           Conj/Pois/Air  11%        N/A       13%         3
 Ignite Poison            Fire/Tmut/Pois 2%         N/A       22%         3
 Fulminant Prism          Conj/Hex       7%         3d7       28%         4
 Freezing Cloud           Conj/Ice/Air   5%         6-21      67%         5


Dungeon Overview and Level Annotations

Branches:
Dungeon (5/15)
 Temple: D:4-7

Altars:
Xom

Annotations:
D:3 Natasha


Innate Abilities, Weirdness & Mutations

You have sharp claws.
You have razor-sharp teeth.
You have supernaturally acute eyesight. (SInv)
You cover ground quickly. (Speed+)
You are covered in fur. (AC +1)
Your paws help you pounce on unaware monsters.
You are incapable of wielding weapons or throwing items.
You cannot wear armour.
You gain extra lives every three experience levels.
Your spells are a little harder to cast, but a little more powerful.


Message History

Confirm with . or Enter, or press ? or * to list all spells.
Aiming: Searing Ray (safe; 2% risk of failure)
Press: ? - help, Shift-Dir - straight line The searing ray hits the orc wizard!
You kill the orc wizard!
You hear a splash. x2 (Press . to maintain the ray.)
Your Translocations skill gained 2 levels and is now at level 2!
Casting: Searing Ray (safe; 2% risk of failure)
Confirm with . or Enter, or press ? or * to list all spells.
Aiming: Magic Dart (safe; 1% risk of failure)
Press: ? - help, Shift-Dir - straight line, f - orc
Aim: an orc, wielding a +2 dagger of electrocution and wearing a +0 chain mail (100% to hit)
The magic dart hits the orc.
The orc is moderately wounded.
You scratch the orc but do no damage.
The orc is moderately wounded.
The orc barely misses you.
You scratch the orc but do no damage.
The orc is moderately wounded.
The orc completely misses you.
You scratch the orc but do no damage.
The orc is moderately wounded.
The orc hits you with a +2 dagger of electrocution.
Casting: Magic Dart (safe; 1% risk of failure)
Confirm with . or Enter, or press ? or * to list all spells.
Aiming: Magic Dart (safe; 1% risk of failure)
Press: ? - help, Shift-Dir - straight line, f/p - orc
Aim: an orc, wielding a +2 dagger of electrocution and wearing a +0 chain mail (moderately wounded, 100% to hit)
The magic dart hits the orc but does no damage.
The orc is moderately wounded.
The orc completely misses you.
It was a potion of heal wounds.
You feel much better.
The orc hits you with a +2 dagger of electrocution.
You scratch the orc but do no damage.
The orc is moderately wounded.
The orc hits you with a +2 dagger of electrocution.
You are electrocuted!!
Ouch! That really hurt!
You die...

#####......♣~~.....Bo§#.# ##'###
#.....~P~~♣.#####§#.# #.#..
.......~~~~♣.....#.#.# #....
.......♣~~~~♣...#.#)#.# #....
.........♣~~~~~.....).#.# #....
#........♣~≈~~~...P.###.#
###..##
#........~~~≈~....~~..#.###....#
♣~≈≈~~...~~~♣.......#.##
~~≈~~~)o@.~~♣..>#####.#
~~≈~~~~...~~♣♣### #.#
♣P~~P~~..~~~♣ #.# ~~~~~P...~~~♣
#.# ~P~~~....~~~♣ #.#
~~~~P....~~~♣ #.# ~♣~~~P...~~~♣
##~~.~.~~♣♣# ##♣~..~♣♣.#


You could see an orc.

Vanquished Creatures
  2 orc wizards (D:3)
  Robin (D:3)
  4 adders
  4 dart slugs
  3 orcs (D:3)
  6 bats
  2 endoplasms
  2 giant cockroaches
  12 goblins
  12 hobgoblins
  4 jackals (D:2)
  2 quokkas
  2 ball pythons
  3 frilled lizards (D:3)
  3 kobolds
  2 rats (D:3)
64 creatures vanquished.

Vanquished Creatures (others)
  An orc (D:5)
  9 plants (D:3)
10 creatures vanquished.

Grand Total: 74 creatures vanquished

Notes
Turn   | Place    | Note
-------+----------+-------------------------------------------
     0 | D:1      | hawla the Felid Conjurer began the quest for the Orb.
     0 | D:1      | Reached XP level 1. HP: 7/7 MP: 4/4
   405 | D:1      | Reached XP level 2. HP: 11/11 MP: 6/6
   432 | D:1      | Learned a level 2 spell: Searing Ray
  1296 | D:1      | Found a faded altar of an unknown god.
  1540 | D:2      | Reached XP level 3. HP: 4/14 MP: 1/7
  1540 | D:2      | Gained mutation: Your spells are a little harder to cast,
                  | but a little more powerful. [potion of mutation]
  2610 | D:3      | Reached skill level 1 in Unarmed Combat
  2610 | D:3      | Reached XP level 4. HP: 18/18 MP: 4/8
  2651 | D:3      | Noticed Robin
  2691 | D:3      | You fall into a shaft and drop 2 floors!
  2691 | D:5      | Entered Level 5 of the Dungeon
  2694 | D:5      | Noticed an ice beast
  2695 | D:5      | Noticed a scorpion
  2695 | D:5      | Noticed an ogre
  2696 | D:5      | Found a shimmering altar of Xom.
  2696 | D:5      | Noticed a phantom
  2696 | D:5      | Noticed a necrophage
  2930 | D:3      | Killed Robin
  2955 | D:3      | Slain by an orc
  2956 | D:3      | Reached XP level 3. HP: -2/14 MP: 1/7
  2979 | D:3      | Reached XP level 4. HP: 5/18 MP: 4/8
  2984 | D:3      | Learned a level 4 spell: Iskenderun's Mystic Blast
  3320 | D:3      | Noticed Natasha
  3470 | D:3      | Mangled by an orc

Illustrated notes

Levels and vault maps discovered:
D:1:      amcnicky_arrival_double_pillar, layout_basic,
          chequers_ecumenical_altar_lobes
D:2:      layout_rooms
D:3:      layout_basic, nicolae_overflow_hidden_temple, serial_bayou_ford_a,
          small_statue_alley_b, kennysheep_generic_room_14, uniq_natasha,
          uniq_sigmund, uniq_robin
D:4:      minmay_evil_eye, layout_basic, grunt_qazlal_clouds, marbit_many_paths,
          grunt_dithmenos_smoke_and_mirrors, nicolae_overflow_two_pavilions,
          minmay_temple_entry_junction
D:5:      layout_gridville, old_standard_altar, xom_confusion_cloud,
          okawaru_metal_pillars_1_2, serial_glass, glass_columns_a,
          glass_columns_b, feat_on_display

Skill      XL: |  1  2  3  4 |
---------------+-------------+-----
Dodging        | 3 |  3.5
Conjurations   | 4 |  4.4
Stealth        | 3 4 |  4.7
Unarmed Combat | 1 |  1.6
Translocations | 2 |  2.2
Fighting       | |  0.1
Spellcasting   | |  2.1

Action                   |  1- 3 |  4- 6 || total
-------------------------+-------+-------++-------
Melee: Unarmed           |    60 |    52 ||   112
       Bite              |     5 |     4 ||     9
       Punch             |       |     1 ||     1
 Cast: Magic Dart        |    15 |    19 ||    34
       Searing Ray       |     9 |     6 ||    15
  Use: Scroll            |     4 |     4 ||     8
       Potion            |     2 |     2 ||     4
 Stab: Sleeping          |     3 |     3 ||     6
Armor: Skin              |    10 |     3 ||    13
Dodge: Dodged            |    71 |    51 ||   122
